Map: Infestation

Players

Ark - Winner!

  • Race: Zerg Zerg
  • League: Silver
  • Spawn Location: 9:00

megahero - Winner!

  • Race: Terran Terran
  • League: Silver
  • Spawn Location: 9:00

Duncan

  • Race: Protoss Protoss
  • Spawn Location: 3:00

EdibleDXX

  • Race: Terran Terran
  • Spawn Location: 3:00

VOD

Have the link to the VOD?

Description

Time

  • Played on: Dec. 22, 2015, 1:10 p.m.
  • Length: 18:11
Show
View Real Time Build Order
Export as new Build Order

Ark Zerg - Winner!

Build Orders: Pool First 

Get SALT Encoding   

  12  0:01  Drone  
  13  0:12  Overlord  
  13  0:17  Drone  
  14  0:35  Spawning Pool  
  13  0:42  Drone  
  14  0:46  Drone  
  14  0:49  Extractor  
  14  0:51  Drone  
  15  1:11  Drone  
  15  1:12  Drone  
  17  1:20  Overlord  
  17  1:22  Queen  
  19  1:28  Drone  
  20  1:36  Drone  
  21  2:04  Hatchery  
  20  2:32  Drone x2  
  20  2:33  Drone x4  
  26  2:54  Lair  
  26  3:11  Extractor  
  25  3:15  Drone x4  
  25  3:16  Drone x2  
  25  3:17  Queen  
  33  3:36  Overlord  
  33  3:39  Overlord  
  33  3:52  Spire  
  32  3:57  Drone  
  32  3:58  Drone x2  
  32  4:01  Extractor  
  34  4:30  Extractor  
  33  4:38  Hatchery  
  32  4:52  Drone x2  
  34  4:53  Drone x3  
  37  5:11  Drone x3  
  37  5:12  Drone x2  
  42  5:41  Drone x4  
  42  5:42  Drone  
  47  5:57  Queen  
  47  5:58  Drone  
  50  6:11  Drone x6  
  56  6:42  Drone  
  56  6:43  Drone  
  56  6:44  Overlord x2  
  56  6:45  Overlord x3  
  58  7:18  Mutalisk x2  
  58  7:19  Mutalisk x6  
  58  7:20  Mutalisk, Infestation Pit  
  75  7:25  Mutalisk x6  
  75  7:28  Mutalisk x3  
  93  7:31  Drone x3  
  96  7:38  Drone x2  
  98  7:57  Hive  
  96  8:58  Mutalisk  
  96  9:02  Overlord x5  
  98  9:14  Overlord x3  
  98  9:15  Overlord  
  98  9:24  Mutalisk  
  98  9:25  Mutalisk x6  
  112  9:47  Mutalisk x5  
  112  9:48  Mutalisk  
  124  10:05  Extractor  
  123  10:07  Extractor  
  122  10:18  Mutalisk x3  
  128  11:03  Greater Spire  
  128  11:06  Corruptor  
  128  11:07  Hatchery, Corruptor x5  
  139  11:25  Overlord  
  139  11:26  Overlord x6  
  139  11:42  Corruptor x3  
  145  12:03  Corruptor x3  
  145  12:04  Corruptor  
  145  12:08  Mutalisk  
  155  12:24  Corruptor  
  155  12:29  Mutalisk x4  
  163  12:31  Mutalisk  
  167  12:39  Queen  
  169  13:16  Mutalisk x3  
  169  13:17  Mutalisk  
  169  13:19  Mutalisk x2  
  177  13:20  Mutalisk  
  177  13:21  Mutalisk  
  185  13:28  Mutalisk  
  187  13:35  Zerg Flyer Weapons Level 1  
  187  13:53  Mutalisk  
  189  14:00  Mutalisk  
  191  14:21  Mutalisk  
  191  14:22  Mutalisk  
  191  14:23  Mutalisk  
  197  14:39  Mutalisk  
  200  14:52  Zergling x2  
  200  15:13  Hatchery  
  199  15:22  Hatchery  
  198  15:30  Zerg Flyer Armor Level 1  
  198  16:07  Hatchery  
  197  16:25  Mutalisk  
  197  16:27  Hatchery  
  198  16:41  Hatchery  
  197  17:00  Hatchery  
Show
View Real Time Build Order
Export as new Build Order

megahero Terran - Winner!

Build Orders: 1/1/1, Liberator Opening 

Get SALT Encoding   

  12  0:03  SCV  
  13  0:15  SCV  
  13  0:19  Supply Depot  
  14  0:28  Refinery  
  14  0:33  Refinery  
  14  0:46  Barracks  
  14  0:56  SCV  
  15  1:09  SCV  
  16  1:21  SCV  
  17  1:33  SCV  
  17  1:35  Factory  
  17  1:39  Marine  
  19  1:45  SCV  
  20  1:57  SCV  
  21  2:04  Marine  
  22  2:09  SCV  
  23  2:19  Starport  
  23  2:25  Supply Depot  
  23  2:28  Orbital Command  
  23  2:39  Liberator  
  23  2:47  Factory Tech Lab  
  23  2:48  Supply Depot  
  26  3:04  SCV  
  27  3:07  Siege Tank  
  27  3:09  Marine  
  31  3:26  Armory  
  31  3:27  Marine  
  31  3:33  Starport  
  32  3:40  Starport Reactor  
  32  4:11  Liberator  
  32  4:27  Starport Reactor  
  35  4:49  Siege Tank  
  38  4:58  Supply Depot x2  
  38  5:22  Supply Depot  
  35  5:30  Viking x4  
  43  5:47  Command Center  
  43  5:51  Terran Vehicle Weapons Level 1  
  43  6:06  Viking  
  45  6:12  Viking  
  47  6:35  Viking  
  47  6:37  Viking  
  51  7:19  Siege Tank  
  54  7:25  Medivac  
  56  7:34  Command Center  
  56  7:45  Terran Ship Weapons Level 1  
  56  8:48  Starport  
  56  9:08  SCV  
  57  9:10  Orbital Command  
  57  9:20  SCV  
  58  9:27  Starport Tech Lab  
  58  9:28  Starport  
  58  9:32  SCV  
  59  9:40  Terran Vehicle And Ship Armor Level 1  
  59  9:44  SCV  
  60  9:55  Refinery  
  60  9:56  SCV  
  61  10:06  Starport  
  61  10:08  SCV  
  61  10:11  Starport Tech Lab  
  62  10:14  Raven  
  62  10:18  Orbital Command  
  62  10:20  SCV  
  65  10:21  Refinery  
  65  10:32  SCV  
  65  10:35  Corvid Reactor  
  66  10:44  SCV  
  67  10:56  SCV  
  68  11:01  Raven  
  70  11:06  SCV  
  70  11:08  SCV  
  72  11:18  SCV  
  72  11:21  SCV  
  74  11:29  Raven  
  74  11:30  SCV  
  77  11:33  Terran Ship Weapons Level 2, SCV  
  78  11:40  Fusion Core  
  78  11:43  SCV  
  78  11:45  SCV  
  80  11:53  Refinery  
  80  11:54  Raven  
  80  11:55  SCV  
  80  11:57  SCV  
  84  12:02  Starport Tech Lab  
  84  12:09  SCV  
  84  12:14  Raven  
  87  12:19  Refinery  
  87  12:29  SCV  
  88  12:36  Weapon Refit  
  88  12:41  SCV  
  89  12:53  Command Center, SCV  
  89  12:54  SCV  
  91  13:06  SCV x2  
  91  13:11  Raven  
  91  13:12  Raven  
  97  13:18  SCV  
  97  13:19  Behemoth Reactor  
  99  13:20  Orbital Command  
  99  13:25  Raven  
  100  13:30  SCV  
  101  13:35  Explosive Shrapnel Shells  
  101  14:04  Battlecruiser  
  101  14:06  Command Center  
  107  14:12  Supply Depot  
  107  14:13  Supply Depot  
  107  14:16  Orbital Command  
  107  14:26  SCV  
  108  14:36  Supply Depot  
  108  14:37  Supply Depot  
  108  14:38  SCV  
  109  14:44  Battlecruiser  
  115  14:50  SCV  
  115  14:51  Orbital Command  
  116  14:59  Terran Ship Weapons Level 3  
  116  15:00  Supply Depot  
  116  15:01  Supply Depot  
  116  15:21  Orbital Command  
  116  15:24  Supply Depot  
  116  15:25  Battlecruiser, Supply Depot  
  122  15:35  Command Center  
  122  15:39  SCV  
  123  15:49  Battlecruiser  
  129  15:51  SCV  
  130  15:57  Refinery  
  130  16:03  SCV  
  131  16:07  Orbital Command  
  131  16:15  SCV  
  132  16:22  Refinery  
  132  16:27  SCV  
  132  16:31  Battlecruiser  
  139  16:37  Viking x2  
  139  16:39  SCV  
  144  16:43  Viking x2  
  148  16:49  Command Center  
  148  16:52  SCV, Refinery  
  149  17:16  Refinery  
Show
View Real Time Build Order
Export as new Build Order

Duncan Protoss 

Build Orders:  

Get SALT Encoding   

  12  0:32  Probe (Chrono Boost)  
  13  0:41  Pylon  
  14  0:42  Probe (Chrono Boost)  
  14  0:53  Probe (Chrono Boost)  
  14  0:55  Assimilator  
  15  1:03  Gateway  
  15  1:04  Probe (Chrono Boost)  
  16  1:14  Probe (Chrono Boost), Assimilator  
  17  1:34  Pylon  
  17  1:55  Cybernetics Core  
  17  2:22  Gateway  
  17  2:58  Pylon, Warp Gate (Chrono Boost)  
  17  3:11  Stargate  
  17  4:13  Forge  
  17  4:18  Fleet Beacon  
  17  4:41  Stalker  
  17  4:43  Stalker  
  21  5:02  Phoenix  
  23  5:48  Stalker  
  25  5:50  Stalker  
  27  6:00  Tempest  
  31  6:34  Stalker  
  31  6:36  Stalker  
  35  6:42  Tempest (Chrono Boost)  
  39  7:35  Pylon  
  39  7:40  Pylon  
  39  7:45  Pylon  
  39  7:54  Tempest (Chrono Boost)  
  43  8:31  Tempest (Chrono Boost)  
  35  9:08  Tempest (Chrono Boost)  
  39  9:10  Probe  
  40  9:22  Probe  
  41  9:34  Probe  
  46  9:46  Probe, Tempest (Chrono Boost)  
  47  9:58  Probe  
  46  11:12  Nexus  
  46  11:25  Protoss Air Weapons Level 1  
  46  12:26  Probe  
  47  12:37  Probe  
  48  12:47  Probe  
  49  12:56  Stalker  
  49  12:58  Probe  
  51  13:04  Stalker  
  54  13:08  Probe  
  55  13:19  Probe  
  56  13:28  Protoss Shields Level 1 (Chrono Boost)  
  56  13:29  Probe  
  56  13:31  Protoss Air Armor Level 1 (Chrono Boost)  
  57  13:40  Probe  
  58  14:31  Probe  
  59  14:43  Probe  
  60  14:55  Probe  
  61  15:03  Assimilator  
  61  15:08  Probe, Protoss Ground Weapons Level 1  
  61  15:10  Assimilator  
  62  15:20  Probe  
  63  15:29  Protoss Air Weapons Level 2 (Chrono Boost)  
  63  15:32  Probe  
  64  15:44  Probe  
  65  15:56  Probe  
  66  16:08  Probe  
  67  16:20  Probe  
  68  16:32  Probe  
  69  16:40  Probe  
Show
View Real Time Build Order
Export as new Build Order

EdibleDXX Terran 

Build Orders:  

Get SALT Encoding   

  12  0:14  SCV  
  13  0:26  SCV  
  14  0:29  Supply Depot  
  14  0:37  Refinery  
  14  0:38  SCV  
  15  0:51  SCV  
  15  0:57  Barracks  
  16  1:03  SCV  
  17  1:10  Supply Depot  
  17  1:15  SCV  
  18  1:26  Engineering Bay  
  18  1:27  SCV  
  19  1:44  Orbital Command  
  19  1:47  Marine  
  20  2:03  Sensor Tower  
  20  2:05  Marine  
  21  2:12  Engineering Bay  
  21  2:20  Supply Depot  
  21  2:27  SCV  
  22  2:32  Barracks Tech Lab  
  22  2:48  SCV  
  23  2:57  Supply Depot  
  23  2:58  Factory  
  23  3:00  SCV  
  24  3:13  SCV, Refinery  
  24  3:18  Marine  
  26  3:31  Terran Infantry Armor Level 1  
  26  3:36  Marine  
  27  3:48  Factory Tech Lab  
  27  3:54  Marine  
  24  4:03  Missile Turret  
  18  4:12  SCV, Marine  
  18  4:24  SCV  
  12  4:36  SCV  
  12  4:38  Missile Turret  
  10  4:48  SCV  
  6  5:09  SCV  
  7  5:21  SCV  
  8  5:33  SCV  
  9  5:45  SCV  
  10  5:57  SCV  
  11  6:10  SCV  
  12  6:18  Terran Infantry Weapons Level 1  
  12  6:22  SCV  
  13  6:34  SCV  
  13  6:37  Starport  
  14  6:46  SCV, Marine  
  16  6:58  SCV  
  17  7:04  Marine  
  18  7:10  SCV  
  19  7:22  SCV  
  20  7:34  SCV, Starport Tech Lab  
  21  7:41  Marine  
  22  7:46  SCV  
  23  7:53  Siege Tank  
  26  7:58  SCV  
  26  7:59  Marine  
  28  8:10  SCV  
  29  8:17  Marine  
  30  8:23  SCV  
  30  8:26  Siege Tank  
  34  8:35  SCV, Marine  
  36  8:47  SCV  
  37  8:52  Marine  
  38  8:59  SCV  
  39  9:22  Missile Turret  
  39  9:25  Siege Tank  
  42  9:46  Fusion Core  
  42  9:57  Siege Tank  
  45  10:06  Command Center  
  45  10:25  SCV  
  46  10:29  Siege Tank  
  49  10:38  SCV  
  50  10:50  SCV  
  51  11:01  Siege Tank  
  51  11:02  SCV  
  55  11:11  Missile Turret  
  55  11:18  SCV  
  56  11:28  Orbital Command  
  56  11:31  Missile Turret  
  56  11:52  Missile Turret  
  56  11:59  Battlecruiser  
  62  12:03  Weapon Refit  
  62  12:14  Missile Turret  
  62  12:35  Missile Turret  
  62  12:48  Armory  
  62  12:57  Missile Turret  
  62  13:03  Battlecruiser  
  68  13:23  Missile Turret  
  68  13:26  Missile Turret  
  68  13:27  Missile Turret  
  68  13:31  Missile Turret  
  68  13:34  Missile Turret  
  68  13:45  Behemoth Reactor  
  68  13:58  SCV x2  
  70  14:05  Refinery  
  70  14:07  Battlecruiser  
  76  14:10  SCV x2  
  78  14:21  Refinery  
  78  14:35  Supply Depot  
  78  14:57  SCV  
  78  14:59  Supply Depot  
  79  15:01  SCV  
  80  15:09  SCV  
  80  15:11  Medivac  
  80  15:13  SCV  
  84  15:22  Supply Depot  
  84  15:23  Starport  
  84  15:41  Medivac  
  86  15:45  Supply Depot  
  86  15:51  Stimpack  
  86  16:09  Supply Depot  
  86  16:12  Battlecruiser  
  92  16:39  Starport Tech Lab  
  92  17:20  Missile Turret  
Tags
 
Add a new tag
Caveats
  • Supply blocks, unpowered buildings, or Contaminate may cause inaccurate times.
  • Supply counts are checked every 10 seconds.